 Dungeon Crawl Stone Soup version 0.31.0-9-g3a7656b989 (webtiles) character file.

Game seed: 3078471115249670917

47 qw the Shooter (level 3, -1/18 HPs)
             Began as a Spriggan Hunter on Feb 2, 2024.
             Killed from afar by Robin (8 damage)
             ... with a puff of flame
             ... on level 2 of the Dungeon.
             The game lasted 00:00:02 (668 turns).

qw the Shooter (Spriggan Hunter)                     Turns: 668, Time: 00:00:02

Health: -1/18      AC:  2    Str:  7    XL:     3   Next: 48%
Magic:  4/4        EV: 19    Int: 10    God:
Gold:   81         SH:  0    Dex: 20    Spells: 2/2 levels left

rFire   . . .        a - +0 shortbow
rCold   . . .        (shield currently unavailable)
rNeg    . . .        c - +0 robe
rPois   .            (helmet restricted)
rElec   .            (no cloak)
rCorr   .            (gloves unavailable)
SInv    +            (boots unavailable)
Will    .....        (no amulet)
Stlth   ++           (no ring)
HPRegen 0.23/turn    (no ring)
MPRegen 0.09/turn

%: no passive effects
@: very quick
A: very small, no large weapons, unfitting armour, see invisible, speed 3
a: no special abilities


You were on level 2 of the Dungeon.
You visited 1 branch of the dungeon, and saw 2 of its levels.

You collected 81 gold pieces.


Innate Abilities, Weirdness & Mutations

You are very small and have problems with some larger weapons.
You are too small for most types of armour.
You have supernaturally acute eyesight. (SInv)
You cover ground extremely quickly. (Speed+++)


   Skills:
 - Level 1.5 Fighting
 + Level 4.7 Ranged Weapons
 - Level 4.0 Dodging
 - Level 1.5 Stealth


You had 2 spell levels left.
You didn't know any spells.
Your spell library was empty.

Inventory:

Hand Weapons
 a - a +0 shortbow (weapon)
Armour
 c - a +0 robe (worn)
Potions
 b - a potion of lignification {unknown}
 d - a potion of resistance {unknown}
 e - a potion of curing {unknown}
 f - a potion of heal wounds {unknown}

Dungeon Overview and Level Annotations

Branches:
Dungeon (2/15)

Altars:

Annotations:
D:2 Robin


Message History

Robin laughs in a distinctly smug fashion.
You shoot an arrow. The arrow closely misses the goblin.
The goblin shouts!
You hear a shout!
The goblin completely misses you.
A goblin comes into view. It is wielding a +0 club.
A goblin comes into view. It is wielding a +0 dagger.
The goblin barely misses you. The goblin completely misses you.
The goblin barely misses you.
The goblin shouts!
You shoot an arrow. The arrow hits the goblin.
You kill the goblin!
Robin misses you. The goblin misses you.
You shoot an arrow. The arrow hits the goblin!
You kill the goblin!
Robin hits you from afar with a +0 spear.
You shoot an arrow. The arrow hits Robin.
Robin is moderately wounded.
Robin barely misses you.
You shoot an arrow. The arrow closely misses Robin.
The arrow hits the hobgoblin.
You kill the hobgoblin!
Robin hits you from afar with a +0 spear.
You shoot an arrow. The arrow barely misses Robin.
The arrow closely misses the goblin.
The arrow hits the goblin.
You kill the goblin!
Robin closely misses you. Robin throws the goblin at you!
The goblin closely misses you.
You shoot an arrow. The arrow hits the goblin.
You kill the goblin!
Robin throws the goblin at you! The goblin misses you.
You shoot an arrow. The arrow hits the goblin!
You kill the goblin!
Robin barely misses you.
You shoot an arrow.
The arrow hits Robin but does no damage.
Robin is moderately wounded.
Robin zaps a wand.
The puff of flame hits you!
You die...
Robin says, "And that's why I'm the boss."

#.># #.)# #..#
.)# .%# #g#
#)# #@# ##)##
.#####...###.#
.............#
######...#####
##.## #.# #.#
#.#


You could see Robin.

Vanquished Creatures
  An adder (D:2)
  A dart slug (D:1)
  A ribbon worm (D:2)
  2 endoplasms (D:1)
  10 goblins (D:2)
  7 hobgoblins
  A kobold (D:1)
  2 ball pythons
  A bat (D:2)
  3 rats
29 creatures vanquished.

Notes
Turn   | Place    | Note
-------+----------+-------------------------------------------
     0 | D:1      | qw the Spriggan Hunter began the quest for the Orb.
     0 | D:1      | Reached XP level 1. HP: 10/10 MP: 2/2
     0 | D:1      | 0 ||| qw: Version: 0.3-a-155-g5e7d8dd
     0 | D:1      | 0 ||| qw: Game counter: 2548
     0 | D:1      | 0 ||| qw: Melee chars always use a shield: true
     0 | D:1      | 0 ||| qw: God list: Okawaru
     0 | D:1      | 0 ||| qw: Allow faded altars: false
     0 | D:1      | 0 ||| qw: Do Orc after clearing Dungeon:15 true
     0 | D:1      | 0 ||| qw: Do second Lair branch before Depths: true
     0 | D:1      | 0 ||| qw: Lair rune preference: random
     0 | D:1      | 0 ||| qw: Goals: Normal
     0 | D:1      | 0 ||| PLANNING D:1-11
    48 | D:1      | Reached skill level 3 in Dodging
   241 | D:1      | Reached XP level 2. HP: 14/14 MP: 3/3
   413 | D:1      | 413 ||| DROPPING ring of wizardry.
   414 | D:1      | 414 ||| READING scroll labelled OMIFRA RAARCHEM.
   415 | D:1      | 415 ||| READING scroll labelled APNAIL KEAHO.
   416 | D:1      | 416 ||| DROPPING scroll of butterflies.
   472 | D:2      | Reached XP level 3. HP: 14/18 MP: 4/4
   653 | D:2      | Noticed Robin
   668 | D:2      | Killed from afar by Robin

Levels and vault maps discovered:
D:1:      amcnicky_arrival_flooded_fountain, layout_basic
D:2:      layout_loops_ring, chequers_serial_rivers_micro_d,
          minmay_tetromino_o4, uniq_robin, uniq_natasha

Skill      XL: |  1  2 |
---------------+-------+-----
Dodging        | 3 4 |  4.0
Fighting       | |  1.5
Ranged Weapons | |  4.7
Stealth        | |  1.5

Action                     || total
---------------------------++-------
   Fire: Shortbow          ||    70
    Use: Scroll            ||     2
 Armour: Robe              ||     9
  Dodge: Dodged            ||    28

Table legend:
 A = Non-vault XP
 B = Vault XP
 C = Vault XP percentage of total XP
 D = Non-vault monster count
 E = Vault monster count
 F = Vault count percentage of total count
                 A         B        C        D         E       F
            +---------+---------+-------+---------+---------+-------
      Total |      47 |      21 |  30.9 |      18 |      11 |  37.9
            +---------+---------+-------+---------+---------+-------
        D:1 |      22 |       0 |   0.0 |      11 |       0 |   0.0
        D:2 |      25 |      21 |  45.7 |       7 |      11 |  61.1
            +---------+---------+-------+---------+---------+-------
